 Dungeon Crawl Stone Soup version 0.22-a0-433-gd2a9cce0b5 (webtiles) character file.

825 RedPan the Covert (level 7, -9/50 HPs)
             Began as a Vampire Enchanter on May 29, 2018.
             Mangled by Prince Ribbit (13 damage)
             ... on level 5 of the Dungeon.
             The game lasted 00:16:38 (6158 turns).

RedPan the Covert (Vampire Enchanter)               Turns: 6158, Time: 00:16:38

Health: -9/50      AC:  3    Str: 13    XL:     7   Next: 64%
Magic:  8/11       EV: 28    Int: 24    God:
Gold:   308        SH:  0    Dex:  9    Spells: 6/12 levels left

rFire    + . .     SeeInvis +   a - +2 dagger
rCold    + + +     Gourm    .   (no shield)
rNeg     + + +     Faith    .   k - +1 robe of Day {rF+ Str+6 Int+4 Dex-5}
rPois    ∞         Spirit   .   (no helmet)
rElec    .         Reflect  .   (no cloak)
rCorr    .         Harm     .   (no gloves)
MR       .....                  (no boots)
Stlth    ++++++....             i - amulet of the acrobat
HPRegen  0.00/turn              l - ring of protection from cold
MPRegen  0.12/turn              (no ring)

@: bloodless, non-regenerating
A: fangs 3, see invisible, unbreathing
a: Bat Form


You were on level 5 of the Dungeon.
You were bloodless.

You visited 1 branch of the dungeon, and saw 5 of its levels.

You collected 308 gold pieces.

Inventory:

Hand Weapons
 a - a +2 dagger (weapon)
Armour
 b - a +0 robe
 k - the +1 robe of Day (worn) {rF+ Str+6 Int+4 Dex-5}
   (You took it off an orc on level 4 of the Dungeon)

   It affects your strength (+6).
   It affects your intelligence (+4).
   It affects your dexterity (-5).
   It protects you from fire.
Jewellery
 i - an amulet of the acrobat (around neck)
 l - a ring of protection from cold (left hand)
 m - an uncursed ring of protection from cold
Wands
 g - a wand of disintegration (20)
Scrolls
 c - 2 scrolls of remove curse
 f - 3 scrolls of identify
 h - a scroll of enchant weapon
Potions
 e - 3 potions of curing
 j - a potion of ambrosia


   Skills:
 + Level 2.2 Fighting
 + Level 4.7 Short Blades
 + Level 3.7 Dodging
 + Level 8.2 Stealth
 + Level 3.2 Spellcasting
 - Level 6.5 Hexes


You had 6 spell levels left.
You knew the following spells:

 Your Spells              Type           Power        Failure   Level  Hunger
a - Corona                Hex            #####..      1%          1    None
b - Ensorcelled Hibernat  Hex/Ice        ###...       4%          2    ##.....
c - Confuse               Hex            #####...     2%          3    ###....

Your spell library contained the following spells:

 Spells                   Type           Power        Failure   Level  Hunger
 Tukima's Dance           Hex            #####...     2%          3    ###....
 Dazzling Spray           Conj/Hex       ###...       9%          3    ###....


Dungeon Overview and Level Annotations

Branches:
Dungeon (5/15)
 Temple: D:4-7

Altars:
Dithmenos
Fedhas
Hepliaklqana
Qazlal
Vehumet
Wu Jian
Xom
Yredelemnul

Annotations:
D:4 Dowan, Duvessa
D:5 Prince Ribbit


Innate Abilities, Weirdness & Mutations

You do not heal naturally.
You are immune to poison.
You have razor-sharp teeth.
You have supernaturally acute eyesight. (SInv)
You can survive without breathing.


Message History

Prince Ribbit is almost dead.
Prince Ribbit hits you!
Casting: Ensorcelled Hibernation (safe; 4% risk of failure)
Confirm with . or Enter, or press ? or * to list all spells.
Aiming: Ensorcelled Hibernation (safe; 4% risk of failure)
Press: ? - help, Shift-Dir - straight line, f - Prince Ribbit
Aim: Prince Ribbit (almost dead, chance to defeat MR: 32%)
Okay, then.
Casting: Ensorcelled Hibernation (safe; 4% risk of failure)
Confirm with . or Enter, or press ? or * to list all spells.
Aiming: Confuse (safe; 2% risk of failure)
Press: ? - help, Shift-Dir - straight line, f - Prince Ribbit
Aim: Prince Ribbit (almost dead, chance to defeat MR: 46%) Prince Ribbit appears confused.
You feel devoid of blood!
You are too injured to fight recklessly!
Prince Ribbit hits you!
* * * LOW HITPOINT WARNING * * *
Prince Ribbit hits you!
You die...

#..## ##.## ###..# #...
#######...## ...
#######..........## ...
.........####.....## #$.
#....##..###.......###..
#...................##..
..####@####......#..##.
#...F.##......##..#.
#.......#......###..#
#.......#...)..# ##..
....._..........# ##.
#.#.......#......# #
#.#.......#.....## #
##.....##.....# #.....#


You could see Prince Ribbit (confused).

Vanquished Creatures
  Grinder (D:4)
  Sigmund (D:3)
  An ice beast (D:5)
  A phantom (D:4)
  A scorpion (D:5)
  An orc priest (D:4)
  A bullfrog skeleton (D:5)
  A centaur skeleton (D:4)
  An orc wizard (D:4)
  Terence (D:3)
  2 worker ants
  An ooze (D:2)
  2 worms
  A dart slug (D:2)
  A leopard gecko (D:4)
  5 orcs
  2 ball pythons
  6 bats
  4 giant cockroaches
  5 goblins
  3 hobgoblins
  6 jackals
  4 frilled lizards
  8 kobolds
  A quokka skeleton (D:4)
  2 rats
63 creatures vanquished.

Notes
Turn   | Place    | Note
-------+----------+-------------------------------------------
     0 | D:1      | RedPan the Vampire Enchanter began the quest for the Orb.
     0 | D:1      | Reached XP level 1. HP: 13/13 MP: 3/3
   668 | D:1      | Reached XP level 2. HP: 17/19 MP: 5/5
   672 | D:1      | Learned a level 2 spell: Ensorcelled Hibernation
  1019 | D:1      | Reached skill level 5 in Stealth
  1334 | D:2      | Reached skill level 5 in Hexes
  1746 | D:2      | Reached XP level 3. HP: 17/24 MP: 6/6
  2462 | D:3      | Found an ornate altar of the Wu Jian Council.
  2463 | D:3      | Found a blossoming altar of Fedhas.
  2464 | D:3      | Found a radiant altar of Vehumet.
  2464 | D:3      | Found a stormy altar of Qazlal.
  2580 | D:3      | Found a shadowy altar of Dithmenos.
  2585 | D:3      | Found a basalt altar of Yredelemnul.
  2701 | D:3      | Noticed Terence
  2704 | D:3      | Killed Terence
  2828 | D:3      | Reached XP level 4. HP: 30/30 MP: 7/7
  2846 | D:3      | Found a shimmering altar of Xom.
  3123 | D:3      | Noticed Sigmund
  3129 | D:3      | Killed Sigmund
  3129 | D:3      | Reached skill level 6 in Stealth
  3129 | D:3      | Reached XP level 5. HP: 35/35 MP: 5/8
  3329 | D:3      | Learned a level 3 spell: Confuse
  3510 | D:4      | Reached skill level 7 in Stealth
  3672 | D:4      | Reached XP level 6. HP: 34/41 MP: 9/9
  4124 | D:4      | Got an opalescent robe
  4135 | D:4      | Identified the +1 robe of Day {rF+ Str+6 Int+4 Dex-5} (You took it off an orc on level 4 of the Dungeon)
  4264 | D:4      | Noticed Grinder
  4768 | D:4      | Found a radiant altar of Vehumet.
  4793 | D:4      | Reached skill level 1 in Fighting
  4870 | D:4      | Noticed Duvessa
  4870 | D:4      | Noticed Dowan
  5444 | D:4      | Killed Grinder
  5444 | D:4      | Reached XP level 7. HP: 49/49 MP: 6/11
  5732 | D:5      | Entered Level 5 of the Dungeon
  5988 | D:5      | Reached skill level 8 in Stealth
  6095 | D:5      | Noticed Prince Ribbit
  6152 | D:5      | Found a hazy altar of Hepliaklqana.
  6158 | D:5      | Mangled by Prince Ribbit

Vault maps used:
D:1:      ncdulo_lavacross
D:3:      wad_pebble_path, nicolae_overflow_crystal_walls,
          yredelemnul_altar_generic, grunt_temple_overflow_open, uniq_sigmund,
          uniq_terence
D:4:      first_ration, lemuel_statue_altar, uniq_duvessa, uniq_grinder
D:5:      old_standard_altar, minmay_temple_entry_nine_rooms,
          portal_sewer_entry_e, uniq_ijyb, uniq_prince_ribbit1

Skill      XL: |  1  2  3  4  5  6  7 |
---------------+----------------------+-----
Stealth        | 5 6 7 8 |  8.2
Hexes          | 5 6 |  6.5
Short Blades   | 2 3 4 |  4.7
Fighting       | 1 2 |  2.2
Dodging        | 3 |  3.7
Spellcasting   | 3 |  3.2

Action                   |  1- 3 |  4- 6 |  7- 9 || total
-------------------------+-------+-------+-------++-------
Melee: Dagger            |    95 |   103 |    19 ||   217
       Bite              |     5 |     5 |     5 ||    15
 Cast: Ensorcelled Hiber |     4 |     5 |     4 ||    13
       Confuse           |       |    11 |     5 ||    16
 Abil: End Transformatio |       |     2 |       ||     2
       Bat Form          |       |     2 |       ||     2
  Use: Scroll            |     3 |     8 |     1 ||    12
       Potion            |     1 |     5 |     1 ||     7
 Stab: Sleeping          |    11 |    14 |     3 ||    28
       Distracted        |       |     1 |       ||     1
       Confused          |       |     5 |     2 ||     7
Armor: Robe              |    15 |     6 |       ||    21
Dodge: Dodged            |    55 |    41 |     6 ||   102

Table legend:
 A = Spawn XP
 B = Non-spawn XP
 C = Spawn XP percentage of total XP
 D = Spawn monster count
 E = Non-spawn monster count
 F = Spawn count percentage of total count
 G = Total turns spent on level
                    A         B        C        D         E        F      G
               +---------+---------+-------+---------+---------+-------+---------
         Total |       0 |    1179 |   0.0 |       0 |      63 |   0.0 |  6158
               +---------+---------+-------+---------+---------+-------+---------
           D:1 |       0 |      27 |   0.0 |       0 |      17 |   0.0 |  1136
           D:2 |       0 |      24 |   0.0 |       0 |       9 |   0.0 |  1294
           D:3 |       0 |     282 |   0.0 |       0 |      14 |   0.0 |  1697
           D:4 |       0 |     578 |   0.0 |       0 |      19 |   0.0 |  1605
           D:5 |       0 |     268 |   0.0 |       0 |       4 |   0.0 |   426
               +---------+---------+-------+---------+---------+-------+---------
